 Dungeon Crawl Stone Soup version 0.28.0-43-g3370ac3207 (webtiles) character file.

Game seed: 11011532252104625829

2 adizb the Cudgeller (level 1, 0/12 HPs)
             Began as a Gargoyle Gladiator on Mar 9, 2022.
             Slain by a kobold
             ... wielding a +0 whip
              (4 damage)
             ... on level 1 of the Dungeon.
             The game lasted 00:00:41 (88 turns).

adizb the Cudgeller (Gargoyle Gladiator)              Turns: 88, Time: 00:00:41

Health: 0/12       AC:  6    Str: 17    XL:     1   Next: 30%
Magic:  1/1        EV: 12    Int:  8    God:
Gold:   0          SH:  0    Dex: 11    Spells: 0/0 levels left

rFire   . . .      SeeInvis .   a - +0 flail
rCold   . . .      Faith    .   (no shield)
rNeg    + . .      Spirit   .   b - +0 leather armour
rPois   ∞          Reflect  .   c - +0 helmet
rElec   +          Harm     .   (no cloak)
rCorr   .          Rampage  .   (no gloves)
Will    .....                   (no boots)
Stlth   +.........              (no amulet)
HPRegen 0.04/turn               (no ring)
MPRegen 0.07/turn               (no ring)

@: no status effects
A: sickness immunity, AC +2, negative energy resistance 1, electricity
resistance, torment resistance 1, petrification resistance
a: no special abilities


You were on level 1 of the Dungeon.
You visited 1 branch of the dungeon, and saw 1 of its levels.

Inventory:

Hand Weapons
 a - a +0 flail (weapon)
Missiles
 d - 3 throwing nets (quivered)
Armour
 b - a +0 leather armour (worn)
 c - a +0 helmet (worn)
Potions
 e - a potion of mutation {unknown}


   Skills:
 * Level 2.2 Fighting
 * Level 3.0 Maces & Flails
 - Level 1.7 Throwing
 + Level 0.0 Armour
 + Level 2.4 Dodging


You couldn't memorise any spells.
You didn't know any spells.
Your spell library was empty.

Dungeon Overview and Level Annotations

Branches:
Dungeon (1/15)

Altars:


Innate Abilities, Weirdness & Mutations

You are immune to sickness and miasma.
Your stone body is resilient. (AC +2)
You are immune to poison.
You resist negative energy. (rN+)
You are resistant to electric shocks. (rElec)
You are resistant to unholy torment.
You are immune to petrification.


Message History

Found a staircase leading out of the dungeon.
Found a green potion.
e - a green potion A goblin and a rat come into view.
The goblin is wielding a +1 dagger of flaming.
Found 7 gold pieces.
The goblin shouts!
A giant cockroach comes into view.
A kobold comes into view. It is wielding a +0 whip.
The kobold shouts!
Found a scroll labelled ICAEWI CAXEOS.
Found a stone staircase leading down.
The goblin hits you with a +1 dagger of flaming.
The goblin burns you.
You hit the rat.
You kill the rat!
The goblin barely misses you.
You completely miss the kobold.
The giant cockroach bites you but does no damage.
The goblin hits you with a +1 dagger of flaming.
The goblin burns you. The kobold closely misses you.
You barely miss the kobold. The giant cockroach barely misses you.
The goblin closely misses you. The kobold completely misses you.
The giant cockroach closely misses you. The goblin hits you but does no damage.
You hit the kobold but do no damage. The giant cockroach bites you.
The kobold hits you with a +0 whip. The goblin closely misses you.
The giant cockroach misses you.
You barely miss the giant cockroach.
The giant cockroach waves its antennae.
The giant cockroach closely misses you. The giant cockroach bites you.
You closely miss the giant cockroach.
The giant cockroach closely misses you. x2
You hit the giant cockroach but do no damage.
The giant cockroach bites you but does no damage.
You closely miss the giant cockroach. The giant cockroach closely misses you.
The giant cockroach barely misses you.
You sock the giant cockroach!
You kill the giant cockroach!
The kobold hits you but does no damage.
You miss the kobold. The kobold hits you but does no damage.
You closely miss the kobold. The kobold hits you with a +0 whip.
You die...

##.#######.## .......
##.##....⌠#.⌠##........
#.##.###.##.###........
#.#..#⌠#.#.##<#........
##.#.#....#.#..#........
#⌠.#.#.#⌠#..#.##........
##.#.#.###.##.#.........
#.#.##...##.##Kg......#
#.##.#####.##@#..####.
##.##.....##.##Bg##
##.#######.##....#
##.......##...†.#
####⌠####.......#
###......$#....
.............
........####... .......
...


You could see a goblin and a kobold.

Vanquished Creatures
  A giant cockroach (D:1)
  A rat (D:1)
2 creatures vanquished.

Notes
Turn   | Place    | Note
-------+----------+-------------------------------------------
     0 | D:1      | adizb the Gargoyle Gladiator began the quest for the Orb.
     0 | D:1      | Reached XP level 1. HP: 12/12 MP: 1/1
    88 | D:1      | Slain by a kobold

Illustrated notes

Levels and vault maps discovered:
D:1:      nagdon_arrival_double_spiral, layout_rooms,
          hellmonk_ecumenical_altar_leap_of_faith, nrook_mini_backslash

Action                   || total
-------------------------++-------
Melee: Flail             ||    11
Armor: Leather armour    ||     5
Dodge: Dodged            ||    13
